 Dungeon Crawl Stone Soup version 0.31-a0-1499-ge0622b2318 (webtiles) character file.

Game seed: 7327040851992851318

280 browni3141 the Changeling (level 6, 0/46 HPs)
             Began as a Formicid Shapeshifter on Dec 30, 2023.
             Slain by an orc
             ... wielding a +0 trident
              (5 damage)
             ... on level 4 of the Dungeon.
             The game lasted 00:06:59 (3317 turns).

browni3141 the Changeling (Formicid Shapeshifter)   Turns: 3317, Time: 00:07:00

Health: 0/46       AC:  2    Str: 18    XL:     6   Next: 52%
Magic:  6/6        EV: 12    Int: 10    God:
Gold:   225        SH:  0    Dex: 15    Spells: 5/5 levels left

rFire   + +          .
                       - Unarmed
rCold   . . .        (no shield)
rNeg    . . .        a - +0 animal skin
rPois   +            (helmet unavailable)
rElec   .            (cloak currently unavailable)
rCorr   .            (gloves currently unavailable)
SInv    +            (boots currently unavailable)
Will    .....        (no amulet)
Stlth   +            n - ring of poison resistance
HPRegen 0.27/turn    g - ring "Ziezawym" {Fly rPois rF++}
MPRegen 0.10/turn

%: no passive effects
@: beast-form, flying
A: beast (slay +2), permanent stasis, dig shafts and tunnels, antennae 3, four
strong arms
a: Dig, Shaft Self, Begin Untransformation


You were on level 4 of the Dungeon.
You were a hulking beast.
You visited 1 branch of the dungeon, and saw 4 of its levels.

You collected 225 gold pieces.

Inventory:

Hand Weapons
 b - a +1 dagger of venom
Armour
 a - a +0 animal skin (worn)
 i - a +0 pair of gloves
 k - a +0 pair of boots
 p - a +0 cloak
Jewellery
 g - the ring "Ziezawym" (right hand) {Fly rPois rF++}
   (You found it on level 4 of the Dungeon)

   [ring of flight]

   rF++:      It greatly protects you from fire.
   rPois:     It protects you from poison Fly: It grants you flight.
 n - a ring of poison resistance (left hand)
Talismans
 c - a beast talisman
 d - a flux talisman
Wands
 h - a wand of charming (13)
Scrolls
 j - 3 scrolls of blinking
 m - a scroll of torment
 q - a scroll of identify
 r - a scroll of fear {unknown}
Potions
 e - a potion of brilliance {unknown}
 f - 2 potions of cancellation
 l - a potion of invisibility {unknown}
 o - 2 potions of curing {unknown}


   Skills:
 + Level 2.7 Fighting
 - Level 2.5 Dodging
 * Level 4.7 Unarmed Combat
 * Level 5.0 Shapeshifting


You had 5 spell levels left.
You didn't know any spells.
Your spell library contained the following spells:

 Spells                   Type           Power      Damage    Failure   Level
 Magic Dart               Conj           0%         1d3       36%         1
 Searing Ray              Conj           0%         2d4       50%         2
 Ozocubu's Armour         Ice            0%         N/A       75%         3
 Fulminant Prism          Conj/Alch      0%         3d5       98%         4
 Metabolic Englaciation   Hex/Ice        0%         N/A       100%        5
 Sculpt Simulacrum        Ice/Alch       0%         N/A       100%        6


Dungeon Overview and Level Annotations

Branches:
Dungeon (4/15)
 Temple: D:4-7

Altars:
Fedhas
Sif Muna
Xom

Shops:
D:1 (


Innate Abilities, Weirdness & Mutations

You are a hulking beast.
Your limbs bulge with bestial killing power. (Slay +2)
You cannot be hasted, slowed, berserked, paralysed or teleported.
You can dig through walls and to a lower floor.
You have a pair of large antennae on your head. (SInv)
Your four strong arms can wield two-handed weapons with a shield.


Message History

The orc hits you from afar with a +0 trident.
An orc comes into view. It is wielding a +0 club.
Your +1 dagger of venom begins to drip with poison!
b - a +1 dagger of venom (weapon)
The kobold hits you but does no damage.
The orc hits you from afar with a +0 trident.
The orc wizard misses you.
You hit the orc wizard but do no damage.
The orc wizard is poisoned.
Your punch misses the orc wizard.
The orc wizard is moderately wounded.
The kobold closely misses you. The orc closely misses you.
The orc wizard casts a spell at you. The puff of flame misses you.
You hit the orc wizard.
The orc wizard is severely wounded.
The kobold closely misses you. The orc wizard barely misses you.
Your +1 dagger of venom stops dripping with poison.
You are now empty-handed.
The kobold barely misses you.
You hit the orc wizard.
You kill the orc wizard!
The kobold hits you with a +0 short sword.
Your Shapeshifting skill increases to level 5!
You punch the kobold!
You kill the kobold!
You hit the orc but do no damage. The orc hits you with a +0 war axe!
The orc hits you from afar with a +0 trident!
* * * LOW HITPOINT WARNING * * *
Aiming: Charm
Press: ? - help, Shift-Dir - straight line, f - orc
Aim: an orc, wielding a +0 war axe and wearing a +0 leather armour (chance to affect: 66%)
The orc is charmed.
The orc hits you from afar with a +0 trident.
* * * LOW HITPOINT WARNING * * *
The orc hits your orc with a +0 club. The orc attacks as it pursues you!
The orc closely misses you. The orc attacks as it pursues you!
The orc barely misses you. The orc attacks as it pursues you!
The orc hits you from afar with a +0 trident.
You die...

## #........# #..≈ ≈..... ##
#..####..####.##≈..... .#
#...####..##..#.....#, .#
#.....##.......##...# . .#
##.................≈# .. .#
#....##....>###....≈## ... .#
##.#####............≈≈#.~≈≈ .#
#.............o..)...≈o.≈.. .#
#..........hoo...)...≈≈!≈..
.#####......#####....###..#≈≈o#
#.......##### #...## #.## ~.#
##......## ##.## #.# .#
#.....#..## #.# o## .#...####.#
#.# o ###..# ### ### ## # ##.#
###


You could see 2 orcs and a friendly orc (charmed).

Vanquished Creatures
  A kobold brigand (D:3)
  Jessica (D:2)
  An orc wizard (D:4)
  9 adders
  A ribbon worm (D:2)
  A dart slug (D:2)
  9 endoplasms
  3 giant cockroaches
  8 goblins
  2 hobgoblins
  3 quokkas
  5 ball pythons
  5 bats
  13 frilled lizards
  8 kobolds
  4 rats
74 creatures vanquished.

Notes
Turn   | Place    | Note
-------+----------+-------------------------------------------
     0 | D:1      | browni3141 the Formicid Shapeshifter began the quest for
                  | the Orb.
     0 | D:1      | Reached XP level 1. HP: 15/15 MP: 1/1
   118 | D:1      | Reached XP level 2. HP: 20/21 MP: 2/2
   373 | D:1      | Found Loheuhap's Weapon Shoppe.
   489 | D:1      | Reached XP level 3. HP: 23/26 MP: 3/3
  1347 | D:2      | Found a faded altar of an unknown god.
  1377 | D:2      | Reached XP level 4. HP: 25/33 MP: 4/4
  1459 | D:2      | Reached skill level 4 in Shapeshifting
  1680 | D:2      | Noticed Jessica
  1691 | D:2      | Killed Jessica
  1692 | D:2      | Reached XP level 5. HP: 20/38 MP: 5/5
  1920 | D:2      | Found a blossoming altar of Fedhas.
  2552 | D:3      | Noticed a kobold brigand
  2690 | D:3      | Killed a kobold brigand
  2691 | D:3      | Reached XP level 6. HP: 24/46 MP: 6/6
  3168 | D:4      | Found a shimmering blue altar of Sif Muna.
  3187 | D:4      | Found a shimmering altar of Xom.
  3216 | D:4      | Identified the ring "Ziezawym" {Fly rPois rF++}
  3310 | D:4      | Reached skill level 5 in Shapeshifting
  3317 | D:4      | Slain by an orc

Illustrated notes

Levels and vault maps discovered:
D:1:      denvon_arrival_planthouse, layout_loops_corners, serial_shops, shop,
          serial_aquarium, aquarium_bridge_square [aquarium_subvault_bridge,
          aquarium_subvault_wall, aquarium_subvault_balcony,
          aquarium_subvault_wall], aquarium_bridge_square
          [aquarium_subvault_wall, aquarium_subvault_bridge,
          aquarium_subvault_bridge, aquarium_subvault_bridge],
          aquarium_window_double, aquarium_window_corridor_1, aquarium_window_1,
          aquarium_view_2d, aquarium_view_2g, aquarium_balcony_5b,
          minmay_lizard_king
D:2:      layout_loops_cross, basic_altar,
          hellmonk_ecumenical_altar_heavens_door, uniq_jessica
D:3:      layout_loops_ring
D:4:      layout_layer_cave, mainiacjoe_overflow_catch_the_wave,
          mainiacjoe_overflow_boulevard, serial_rivers,
          chequers_serial_rivers_small_b, chequers_serial_rivers_small_b,
          chequers_serial_rivers_room_a, chequers_serial_rivers_micro_d,
          uniq_grinder

Skill      XL: |  1  2  3  4  5  6 |
---------------+-------------------+-----
Dodging        | 2 |  2.5
Shapeshifting  | 4 5 |  5.0
Fighting       | 2 |  2.7
Unarmed Combat | 4 |  4.7

Action                     |  1- 3 |  4- 6 || total
---------------------------+-------+-------++-------
  Melee: Unarmed           |    76 |    64 ||   140
         Punch             |     1 |     2 ||     3
         Dagger            |     6 |    50 ||    56
Ability: Dig               |       |     1 ||     1
  Evoke: Wand              |       |     1 ||     1
    Use: Potion            |     1 |       ||     1
         Scroll            |       |     3 ||     3
   Stab: Sleeping          |     1 |     4 ||     5
 Armour: Animal skin       |    40 |    78 ||   118
         Skin              |     3 |       ||     3
  Dodge: Dodged            |    47 |    87 ||   134

Table legend: (Time is in decaauts)
 A = Elapsed time spent in this place.
 B = Non-inter-level travel time spent in this place.
 C = Inter-level travel time spent in this place.
 D = Time resting spent in this place.
 E = Time spent auto-exploring this place.
 F = Levels seen in this place.
 G = Mean time per level.
                   A        B        C        D        E       F      G
               +--------+--------+--------+--------+--------+-----+--------+
         Total |   3296 |   3126 |    170 |    179 |   2371 |   4 |  824.0 |
       Dungeon |   3296 |   3126 |    170 |    179 |   2371 |   4 |  824.0 |
               +--------+--------+--------+--------+--------+-----+--------+

Top non-repeatable levels by time:
     D:1: 1253 daAuts
     D:2: 1005 daAuts
     D:3: 805 daAuts
     D:4: 232 daAuts
